 Dungeon Sprint DCSS version 0.29.1-15-g9cfb28693d (webtiles) character file.

Game seed: 15840464772997860292

876 Groucho the Summoner (level 7, -2/36 HPs)
             Began as a Deep Elf Summoner on Apr 7, 2023.
             Was an Elder of Sif Muna.
             Slain by a black mamba (3 damage)
             ... in the Dungeon (Sprint V: "Ziggurat Sprint").
             The game lasted 00:04:29 (952 turns).

Groucho the Summoner (Deep Elf Summoner)             Turns: 952, Time: 00:04:30

Health: -2/36      AC: 27    Str: 17    XL:     7   Next: 74%
Magic:  21/21      EV: -2    Int: 22    God:    Sif Muna [****..]
Gold:   0          SH: 28    Dex: 15    Spells: 10/23 levels left

rFire   . . .      SeeInvis .   D - +6 shillelagh "Devastator" {shatter}
rCold   . . .      Faith    .   C - +18 shield of the Gong {rElec rN+ Will+ EV-5}
rNeg    + . .      Spirit   .   B - +15 Maxwell's patent armour {-Cast -Tele rElec Will+ rCorr}
rPois   .          Reflect  .   (no helmet)
rElec   +          Harm     .   (no cloak)
rCorr   +          Rampage  .   (no gloves)
Will    ++...      NoTele   +   (no boots)
Stlth   .......... NoCast   +   (no amulet)
HPRegen 0.12/turn               v - +6 ring of strength
MPRegen 0.17/turn               w - +6 ring of strength

@: lethally poisoned (-2 -> -13), constricted
A: no striking features
a: Renounce Religion, Channel Magic, Forget Spell, Divine Exegesis


You were in the Dungeon.
You worshipped Sif Muna.
Sif Muna was greatly pleased with you.
You visited 1 branch

Inventory:

Hand Weapons
 A - the +6 Majin-Bo {vamp, MP+6 Int+6}
   (You found it in the Dungeon)

   It heals its wielder for a portion of the damage dealt when they wound a
   living foe with it or with a spell.
   Its wielder's spells cost health as well as magical power.
   Int:       It affects your intelligence (+6).
   MP:        It affects your magic capacity (+6).
 D - the +6 shillelagh "Devastator" (weapon) {shatter}
   (You found it in the Dungeon)

   It releases a powerful concussive burst when it strikes, dealing extra damage
   to the target and all other foes adjacent to them.
Armour
 a - a +0 robe
 B - the +15 Maxwell's patent armour (worn) {-Cast -Tele rElec Will+ rCorr}
   (You found it in the Dungeon)

   rElec:     It insulates you from electricity.
   -Cast:     It prevents spellcasting.
   -Tele:     It prevents most forms of teleportation.
   rCorr:     It protects you from acid and corrosion.
   Will:      It increases your willpower.
 C - the +18 shield of the Gong (worn) {rElec rN+ Will+ EV-5}
   (You found it in the Dungeon)

   It is deafeningly noisy when blocking attacks.
   EV:        It affects your evasion (-5).
   rElec:     It insulates you from electricity.
   rN:        It protects you from negative energy.
   Will:      It increases your willpower.
Jewellery
 q - a ring of flight
 r - a +6 ring of dexterity
 s - a +6 ring of dexterity
 t - a +6 ring of intelligence
 u - a +6 ring of intelligence
 v - a +6 ring of strength (left hand)
 w - a +6 ring of strength (right hand)
 F - a ring of wizardry
Wands
 x - a wand of mindburst (7)
 y - a wand of iceblast (7)
 z - a wand of light (7)
Scrolls
 g - 4 scrolls of blinking
 m - 4 scrolls of amnesia
 n - 7 scrolls of fog
 o - 5 scrolls of identify
 p - 2 scrolls of fear
 E - a scroll of brand weapon
Potions
 b - 8 potions of magic
 c - 8 potions of curing
 d - 10 potions of heal wounds
 e - 6 potions of haste
 f - 3 potions of berserk rage
 h - 2 potions of brilliance
 i - 2 potions of invisibility
 j - 4 potions of resistance
 k - a potion of experience
 l - 5 potions of might


   Skills:
 + Level 5.1 Armour
 + Level 7.9 Dodging
 - Level 2.4 Stealth
 + Level 5.2 Shields
 + Level 8.9 Spellcasting
 + Level 2.9 Hexes
 * Level 10.8 Summonings
 + Level 7.0 Invocations


You had 10 spell levels left.
You knew the following spells:

 Your Spells              Type           Power      Damage    Failure   Level
a - Summon Small Mammal   Summ           100%       N/A       9%          1
b - Call Imp              Summ           55%        N/A       14%         2
c - Call Canine Familiar  Summ           55%        N/A       26%         3
d - Summon Guardian Gole  Hex/Summ       40%        N/A       80%         3
e - Summon Lightning Spi  Summ/Air       33%        N/A       100%        4

Your spell library contained the following spells:

 Spells                   Type           Power      Damage    Failure   Level
 Confusing Touch          Hex            22%        N/A       100%        3
 Yara's Violent Unravell  Hex/Tmut       8%         3d5       100%        5
 Enfeeble                 Hex            11%        N/A       100%        7


Dungeon Overview and Level Annotations

Branches:
Dungeon (1/1)

Altars:
Ashenzari
Cheibriados
Dithmenos
Elyvilon
Fedhas
Gozag
Hepliaklqana
Kikubaaqudgha
Makhleb
Nemelex Xobeh
Okawaru
Qazlal
Ru
Sif Muna
Trog
Uskayaw
Vehumet
Wu Jian
Xom
Yredelemnul
Zin
The Shining One
Jiyva
Lugonu

Annotations:
D 1 transporter


Message History

GONNNNG!
You block the black mamba's attack.
PANG!
You block the adder's attack.
GONNNNG!
You block the black mamba's attack.
GONNNNG!
The naga mage spits poison at you.
The splash of poison hits you but does no damage.
You are more poisoned.
The adder bites you but does no damage.
The black mamba bites you but does no damage.
The ball python bites you but does no damage.
You block the ball python's attack.
BOUMMMMG!
The adder bites you but does no damage.
The black mamba bites you but does no damage.
The naga mage hits you with a +0 club! You block the naga mage's attack.
PTOANNNG!
The adder bites you but does no damage.
The black mamba bites you but does no damage.
Unknown command.
You hit the naga mage but do no damage.
You feel very sick. You block the black mamba's attack.
BONNNG!
You block the black mamba's attack.
GONNNNG!
The ball python bites you but does no damage.
You block the ball python's attack.
BONNNG!
The adder bites you but does no damage.
The naga mage hits you but does no damage.
The naga mage grabs you. The naga mage constricts you.
You block the adder's attack.
GONNNNG!
The black mamba bites you!
* * * LOW HITPOINT WARNING * * *
The black mamba bites you.
You die...

▓▓▓▓▓▓▓▓▓▓▓▓▓▓▓▓▓▓▓
▓..8©8..▓ ▓..)!|..▓
▓..)==..▓ ▓.......▓
▓.......▓ ▓.......▓
▓...NS..▓ ▓.▓S@S▓.▓
▓..S©S..▓ ▓▓▓▓▓▓▓▓▓


You could see 2 black mambas, a naga mage (fast), 2 adders and a ball python.

Vanquished Creatures
  A spriggan (D)
  A yak (D)
  2 golden eyes (D)
  A black bear (D)
  A wolf (D)
  A necrophage (D)
  A crimson imp (D)
  An iguana (D)
  A river rat (D)
  2 white imps (D)
  An adder zombie (D)
  3 bat skeletons (D)
  A jackal (D)
  A quokka skeleton (D)
18 creatures vanquished.

Notes
Turn   | Place    | Note
-------+----------+-------------------------------------------
     0 | D        | Groucho the Deep Elf Summoner began the quest for the Orb.
     0 | D        | Reached XP level 1. HP: 10/10 MP: 6/6
     0 | D        | Found a shimmering blue altar of Sif Muna.
     0 | D        | Found a bloodstained altar of Trog.
     0 | D        | Found a sacrificial altar of Ru.
     0 | D        | Found a stormy altar of Qazlal.
     0 | D        | Found an iron altar of Okawaru.
     1 | D        | Found a sparkling altar of Nemelex Xobeh.
     1 | D        | Found a blossoming altar of Fedhas.
     1 | D        | Found the +6 Majin-Bo {vamp, MP+6 Int+6}
     1 | D        | Found the +9 heavy crossbow "Sniper" {vorpal, Acc+∞ SInv}
     1 | D        | Found the +10 dark maul {vorpal}
     1 | D        | Found the +15 Maxwell's patent armour {-Cast -Tele rElec
                  | Will+ rCorr}
     1 | D        | Found the +18 shield of the Gong {rElec rN+ Will+ EV-5}
     1 | D        | Found the +14 obsidian axe {vorpal, Mesm Drain Fly SInv}
     1 | D        | Found the +7 great mace "Firestarter" {inner flame, rF++}
     1 | D        | Found the +6 shillelagh "Devastator" {shatter}
     1 | D        | Found the +11 plutonium sword {Contam Stlth-}
     1 | D        | Found the +8 lance "Wyrmbane" {slay drac, rPois rF+ rC+
                  | AC+3}
     1 | D        | Found the +9 sword of Zonguldrok {reap}
     1 | D        | Found the +13 scythe of Curses {drain, Drain}
     1 | D        | Found the +5 sword of Power {vorpal}
     1 | D        | Found the +7 mace of Variability {chain chaos}
     1 | D        | Found the +7 Singing Sword {vorpal, sonic wave}
     1 | D        | Found the +8 storm bow {elec, penet}
     3 | D        | Found a transporter.
     3 | D        | Found an ancient bone altar of Kikubaaqudgha.
     3 | D        | Found a viscous altar of Jiyva.
     3 | D        | Found a corrupted altar of Lugonu.
     3 | D        | Found a hazy altar of Hepliaklqana.
     3 | D        | Found a burning altar of Makhleb.
     3 | D        | Found an opulent altar of Gozag.
    60 | D        | Became a worshipper of Sif Muna the Loreminder
    77 | D        | Entered arena 2.
    77 | D        | Noticed a golden eye
    77 | D        | Noticed a golden eye
    77 | D        | Found a transporter.
   111 | D        | Killed a golden eye
   112 | D        | Reached skill level 5 in Spellcasting
   112 | D        | Reached skill level 7 in Summonings
   112 | D        | Reached XP level 2. HP: 15/15 MP: 6/10
   112 | D        | Reached XP level 3. HP: 19/19 MP: 7/12
   112 | D        | Reached XP level 4. HP: 24/24 MP: 7/13
   143 | D        | Killed a golden eye
   144 | D        | Reached skill level 8 in Summonings
   144 | D        | Reached XP level 5. HP: 28/28 MP: 12/16
   270 | D        | Learned a level 2 spell: Call Imp
   274 | D        | Learned a level 3 spell: Call Canine Familiar
   278 | D        | Learned a level 3 spell: Summon Guardian Golem
   283 | D        | Learned a level 4 spell: Summon Lightning Spire
   286 | D        | Entered arena 3.
   286 | D        | Noticed a wolf
   286 | D        | Noticed a spriggan
   286 | D        | Noticed a black bear
   286 | D        | Found a transporter.
   291 | D        | Killed a spriggan
   291 | D        | Reached * piety under Sif Muna
   291 | D        | Killed a wolf
   292 | D        | Reached skill level 9 in Summonings
   292 | D        | Reached XP level 6. HP: 17/32 MP: 16/18
   293 | D        | Reached skill level 10 in Summonings
   293 | D        | Reached XP level 7. HP: 20/36 MP: 16/20
   610 | D        | Entered arena 4.
   610 | D        | Noticed a yak
   610 | D        | Found a transporter.
   616 | D        | Reached ** piety under Sif Muna
   617 | D        | Killed a yak
   618 | D        | Reached skill level 5 in Shields
   784 | D        | Entered arena 5.
   784 | D        | Found a transporter.
   786 | D        | Reached *** piety under Sif Muna
   791 | D        | Reached skill level 5 in Armour
   799 | D        | Entered arena 6.
   799 | D        | Found a transporter.
   804 | D        | Reached **** piety under Sif Muna
   945 | D        | Entered arena 7.
   945 | D        | Noticed a black mamba
   945 | D        | Noticed a naga mage
   945 | D        | Noticed a black mamba
   950 | D        | Found a transporter.
   952 | D        | HP: 1/36 [black mamba (12)]
   952 | D        | Slain by a black mamba

Illustrated notes

Levels and vault maps discovered:
D:        sprint_v [room_start, room_1, room_2, room_3, room_4, room_5, room_6,
          room_7, room_8, room_9, room_10, room_11, room_12, room_13, room_14,
          room_15, room_16, room_17, room_18, room_19, room_20, room_21,
          room_22, room_23, room_24, room_25, room_26, room_27]

Skill      XL: |  1  2  3  4  5  6  7 |
---------------+----------------------+-----
Armour         | 2 3 4 5 |  5.1
Dodging        | 4 6 7 |  7.9
Shields        | 2 3 4 5 |  5.2
Spellcasting   | 5 6 7 8 |  8.9
Summonings     | 7 8 9 10 | 10.8
Invocations    | 3 4 6 7 |  7.0
Hexes          | 2 |  2.9
Stealth        | |  2.4

Action                   |  1- 3 |  4- 6 |  7- 9 || total
-------------------------+-------+-------+-------++-------
Melee: Shillelagh        |    10 |    12 |    28 ||    50
  Use: Potion            |     2 |       |       ||     2
Armor: Plate armour      |       |     4 |    37 ||    41
Dodge: Dodged            |       |       |     2 ||     2
Block: Kite shield       |       |    11 |    61 ||    72
